[ AOE2 MATCH · #504601694 ]
UnrankedPersians vs Shu
Player's team · LOSS
Rival team · WIN
[ REPLAY ANALYSIS · EXTRACTED FROM THE RECORDED GAME ]
Feudal
8:52
Castle
19:03
Imperial
—
| APM avg | 48.9 |
| APM peak | 87 |
| eAPM avg | 19.3 |
| Villagers / military | 69 / 19 |
Focus
⚔️ 40.8% · 🌾 59.2%
Scout Cavalry ×5 · Archer ×4 · Militia ×4 · Mangonel ×4 · Camel Scout ×2
Feudal
9:42
Castle
13:37
Imperial
—
| APM avg | 60.2 |
| APM peak | 88 |
| eAPM avg | 21.8 |
| Villagers / military | 93 / 15 |
Focus
⚔️ 37.0% · 🌾 63.0%
Unknown (1944) ×11 · Unknown (1962) ×11 · Mangonel ×8 · Monk ×3 · Spearman ×2 · Battering Ram ×2
Match map
Initial resources + every placement click. Lines = walls · curves = elevation contours. ◆ gold · ⬟ stone · ● berries · ✦ relic · ◌ wall gap
Your base· Open — 3t gap
DS_Champi WarrioR's base· Open — 2t gap
Smoothed initial terrain · ◌ = detected wall gap · hover for details
Inputs per minute
— Fs.Alive - - DS_Champi WarrioR
Build order — Fs.Alive
First 150 of 156 actions detected
| 0:00 | Create | Villager (Male) |
| 0:01 | Build | House |
| 0:02 | Build | House |
| 0:08 | Create | Villager (Male) |
| 0:08 | Create | Villager (Male) |
| 0:14 | Create | Villager (Male) |
| 0:20 | Create | Villager (Male) |
| 1:21 | Create | Villager (Male) |
| 1:45 | Create | Villager (Male) |
| 2:06 | Create | Villager (Male) |
| 2:12 | Build | Lumber Camp |
| 2:25 | Create | Villager (Male) |
| 2:56 | Create | Villager (Male) |
| 3:04 | Build | House |
| 3:10 | Create | Villager (Male) |
| 3:21 | Create | Villager (Male) |
| 4:46 | Create | Villager (Male) |
| 4:49 | Build | Barracks |
| 5:13 | Create | Villager (Male) |
| 5:34 | Create | Villager (Male) |
| 5:51 | Create | Villager (Male) |
| 5:51 | Research | Loom |
| 6:02 | Build | Mining Camp |
| 6:04 | Build | Palisade Wall |
| 6:06 | Build | Palisade Wall |
| 6:39 | Research | Feudal Age |
| 6:54 | Create | Militia |
| 7:00 | Build | House |
| 7:07 | Build | Palisade Wall |
| 7:20 | Build | Palisade Wall |
| 7:38 | Create | Militia |
| 7:44 | Build | Mill |
| 7:55 | Create | Militia |
| 8:00 | Build | Palisade Wall |
| 8:04 | Build | Palisade Wall |
| 8:06 | Build | Palisade Wall |
| 8:11 | Create | Militia |
| 8:15 | Build | House |
| 8:34 | Create | Villager (Male) |
| 8:52 | Age | Feudal Age |
| 8:56 | Research | Man-at-Arms (upgrade) |
| 9:07 | Build | Archery Range |
| 9:18 | Create | Villager (Male) |
| 9:31 | Build | House |
| 9:52 | Build | Farm |
| 9:52 | Create | Villager (Male) |
| 9:58 | Create | Archer |
| 10:15 | Create | Archer |
| 10:22 | Create | Villager (Male) |
| 10:29 | Create | Archer |
| 10:33 | Build | Farm |
| 10:53 | Create | Villager (Male) |
| 11:01 | Create | Villager (Male) |
| 11:04 | Build | Farm |
| 11:11 | Build | Palisade Wall |
| 11:18 | Create | Archer |
| 11:38 | Build | Farm |
| 11:41 | Create | Villager (Male) |
| 11:45 | Create | Villager (Male) |
| 11:50 | Build | House |
| 12:12 | Create | Villager (Male) |
| 12:44 | Build | Palisade Wall |
| 12:45 | Create | Villager (Male) |
| 13:02 | Build | Palisade Wall |
| 13:04 | Build | Palisade Wall |
| 13:12 | Build | Farm |
| 13:13 | Build | Farm |
| 13:14 | Build | Farm |
| 13:15 | Create | Villager (Male) |
| 13:25 | Build | Palisade Wall |
| 13:39 | Create | Villager (Male) |
| 14:04 | Build | Market |
| 14:10 | Create | Villager (Male) |
| 14:33 | Create | Villager (Male) |
| 14:54 | Create | Villager (Male) |
| 15:01 | Build | House |
| 15:25 | Create | Villager (Male) |
| 15:27 | Build | Farm |
| 15:28 | Build | Farm |
| 15:30 | Build | Farm |
| 15:42 | Build | Mill |
| 15:56 | Build | Farm |
| 15:56 | Create | Villager (Male) |
| 16:37 | Research | Castle Age |
| 18:26 | Research | Double-Bit Axe |
| 18:51 | Build | Farm |
| 19:03 | Age | Castle Age |
| 19:09 | Build | Blacksmith |
| 19:12 | Create | Villager (Male) |
| 19:13 | Research | Bow Saw |
| 19:17 | Build | House |
| 19:33 | Build | Siege Workshop |
| 19:41 | Create | Villager (Male) |
| 19:54 | Build | Farm |
| 19:56 | Create | Mangonel |
| 19:56 | Create | Mangonel |
| 20:12 | Create | Villager (Male) |
| 20:14 | Create | Villager (Male) |
| 20:56 | Create | Villager (Male) |
| 21:17 | Create | Villager (Male) |
| 21:19 | Create | Villager (Male) |
| 21:49 | Create | Villager (Male) |
| 22:09 | Create | Villager (Male) |
| 22:28 | Create | Villager (Male) |
| 22:33 | Build | Stable |
| 22:42 | Build | Farm |
| 22:43 | Build | Farm |
| 23:03 | Create | Scout Cavalry |
| 23:23 | Create | Villager (Male) |
| 23:39 | Research | Light Cavalry (upgrade) |
| 23:57 | Create | Mangonel |
| 24:06 | Create | Villager (Male) |
| 24:08 | Build | Farm |
| 24:08 | Build | Farm |
| 24:13 | Create | Villager (Male) |
| 24:32 | Create | Villager (Male) |
| 24:32 | Create | Villager (Male) |
| 24:46 | Create | Villager (Male) |
| 25:00 | Create | Villager (Male) |
| 25:00 | Create | Villager (Male) |
| 25:09 | Build | Farm |
| 25:10 | Build | Farm |
| 25:27 | Create | Scout Cavalry |
| 25:34 | Create | Mangonel |
| 25:40 | Build | Farm |
| 25:48 | Build | Farm |
| 25:58 | Create | Scout Cavalry |
| 25:58 | Create | Scout Cavalry |
| 26:14 | Create | Villager (Male) |
| 26:30 | Create | Villager (Male) |
| 26:42 | Build | Farm |
| 27:09 | Create | Villager (Male) |
| 27:14 | Build | Farm |
| 27:36 | Create | Villager (Male) |
| 27:44 | Create | Scout Cavalry |
| 27:54 | Create | Camel Scout |
| 28:19 | Create | Villager (Male) |
| 28:28 | Create | Camel Scout |
| 28:35 | Build | Farm |
| 28:37 | Create | Villager (Male) |
| 29:05 | Create | Villager (Male) |
| 29:11 | Build | Farm |
| 29:13 | Build | Farm |
| 29:31 | Create | Villager (Male) |
| 29:36 | Build | Farm |
| 29:46 | Create | Villager (Male) |
| 30:10 | Create | Villager (Male) |
| 30:11 | Create | Villager (Male) |
| 30:11 | Create | Villager (Male) |
| 30:27 | Create | Villager (Male) |
Build order — DS_Champi WarrioR
First 150 of 212 actions detected
| 0:01 | Research | Loom |
| 0:01 | Create | Villager (Male) |
| 0:01 | Create | Villager (Male) |
| 0:02 | Create | Villager (Male) |
| 0:02 | Build | House |
| 0:04 | Build | House |
| 0:35 | Create | Villager (Male) |
| 1:35 | Create | Villager (Male) |
| 1:35 | Create | Villager (Male) |
| 2:16 | Create | Villager (Male) |
| 2:41 | Create | Villager (Male) |
| 2:41 | Create | Villager (Male) |
| 3:08 | Build | Lumber Camp |
| 3:12 | Create | Villager (Male) |
| 3:12 | Create | Villager (Male) |
| 3:30 | Create | Villager (Male) |
| 3:31 | Create | Villager (Male) |
| 3:45 | Build | House |
| 3:51 | Create | Villager (Male) |
| 3:51 | Create | Villager (Male) |
| 4:18 | Create | Villager (Male) |
| 4:46 | Build | Palisade Wall |
| 4:56 | Create | Villager (Male) |
| 5:15 | Create | Villager (Male) |
| 5:30 | Build | Mill |
| 5:40 | Create | Villager (Male) |
| 5:41 | Create | Villager (Male) |
| 5:43 | Build | House |
| 5:56 | Create | Villager (Male) |
| 6:30 | Create | Villager (Male) |
| 7:32 | Research | Feudal Age |
| 7:32 | Research | Feudal Age |
| 9:13 | Build | House |
| 9:28 | Create | Villager (Male) |
| 9:28 | Create | Villager (Male) |
| 9:42 | Age | Feudal Age |
| 9:43 | Build | Market |
| 9:45 | Build | Blacksmith |
| 9:49 | Build | Palisade Wall |
| 9:53 | Build | Palisade Wall |
| 9:55 | Build | Palisade Wall |
| 9:57 | Create | Villager (Male) |
| 9:59 | Build | Palisade Wall |
| 10:19 | Create | Villager (Male) |
| 10:48 | Research | Castle Age |
| 10:48 | Research | Castle Age |
| 11:04 | Build | House |
| 11:25 | Research | Double-Bit Axe |
| 11:53 | Build | Palisade Wall |
| 12:06 | Build | House |
| 12:25 | Build | Mining Camp |
| 12:45 | Build | Farm |
| 13:31 | Create | Villager (Male) |
| 13:37 | Age | Castle Age |
| 13:41 | Build | Siege Workshop |
| 13:47 | Create | Villager (Male) |
| 13:52 | Build | House |
| 14:08 | Create | Villager (Male) |
| 14:13 | Build | Farm |
| 14:14 | Build | Farm |
| 14:25 | Create | Unit 1962 |
| 14:25 | Create | Unit 1962 |
| 14:28 | Create | Villager (Male) |
| 14:40 | Build | Farm |
| 15:02 | Create | Unit 1962 |
| 15:15 | Create | Villager (Male) |
| 15:19 | Build | Farm |
| 15:20 | Build | Farm |
| 15:29 | Create | Villager (Male) |
| 15:32 | Create | Unit 1962 |
| 15:42 | Build | Farm |
| 15:44 | Build | House |
| 15:44 | Build | House |
| 16:03 | Create | Villager (Male) |
| 16:41 | Create | Unit 1962 |
| 16:41 | Create | Unit 1962 |
| 16:48 | Build | Siege Workshop |
| 16:48 | Create | Villager (Male) |
| 16:49 | Create | Villager (Male) |
| 16:49 | Create | Villager (Male) |
| 17:16 | Create | Villager (Male) |
| 17:35 | Create | Unit 1962 |
| 17:36 | Build | Monastery |
| 17:38 | Create | Villager (Male) |
| 18:00 | Create | Villager (Male) |
| 18:22 | Create | Monk |
| 18:23 | Build | House |
| 18:25 | Create | Villager (Male) |
| 18:36 | Create | Villager (Male) |
| 18:45 | Build | Town Center |
| 18:58 | Create | Unit 1962 |
| 18:58 | Create | Unit 1962 |
| 19:26 | Create | Battering Ram |
| 19:49 | Create | Villager (Male) |
| 19:49 | Create | Villager (Male) |
| 20:06 | Create | Villager (Male) |
| 20:23 | Create | Mangonel |
| 20:30 | Build | House |
| 20:33 | Create | Villager (Male) |
| 20:56 | Create | Mangonel |
| 20:57 | Create | Villager (Male) |
| 21:16 | Create | Villager (Male) |
| 21:18 | Build | Farm |
| 21:18 | Build | Farm |
| 21:19 | Build | Lumber Camp |
| 21:26 | Build | House |
| 21:33 | Create | Monk |
| 22:07 | Create | Mangonel |
| 22:10 | Create | Villager (Male) |
| 22:10 | Create | Villager (Male) |
| 22:33 | Create | Villager (Male) |
| 22:33 | Create | Villager (Male) |
| 22:50 | Build | Barracks |
| 22:54 | Create | Villager (Male) |
| 22:54 | Create | Villager (Male) |
| 22:55 | Build | Farm |
| 23:20 | Create | Villager (Male) |
| 23:21 | Build | Farm |
| 23:22 | Build | Farm |
| 23:44 | Create | Mangonel |
| 23:46 | Create | Villager (Male) |
| 23:46 | Create | Villager (Male) |
| 23:46 | Build | Farm |
| 24:23 | Build | Stable |
| 25:08 | Create | Mangonel |
| 25:08 | Create | Mangonel |
| 25:08 | Create | Mangonel |
| 25:24 | Create | Unit 1944 |
| 25:25 | Build | House |
| 25:26 | Create | Villager (Male) |
| 25:27 | Create | Villager (Male) |
| 25:27 | Create | Villager (Male) |
| 25:34 | Research | Town Watch |
| 25:36 | Create | Mangonel |
| 25:38 | Build | House |
| 25:47 | Create | Villager (Male) |
| 25:48 | Create | Villager (Male) |
| 25:49 | Build | Farm |
| 26:34 | Create | Unit 1944 |
| 26:35 | Create | Unit 1944 |
| 26:38 | Build | Stable |
| 26:39 | Create | Villager (Male) |
| 26:39 | Create | Villager (Male) |
| 26:39 | Build | Farm |
| 26:40 | Build | Farm |
| 26:40 | Build | Farm |
| 26:45 | Research | Horse Collar |
| 26:46 | Research | Horse Collar |
| 26:47 | Create | Villager (Male) |
| 26:47 | Create | Villager (Male) |
Match timeline
| 4:46 | DS_Champi WarrioR · wall_segment Palisade Wall x1 |
| 4:49 | Fs.Alive · first_building Barracks |
| 6:04 | Fs.Alive · wall_segment Palisade Wall x1 |
| 6:06 | Fs.Alive · wall_segment Palisade Wall x1 |
| 7:07 | Fs.Alive · wall_segment Palisade Wall x1 |
| 7:20 | Fs.Alive · wall_segment Palisade Wall x1 |
| 8:00 | Fs.Alive · wall_segment Palisade Wall x1 |
| 8:04 | Fs.Alive · wall_segment Palisade Wall x1 |
| 8:06 | Fs.Alive · wall_segment Palisade Wall x1 |
| 8:52 | Fs.Alive · age_up feudal |
| 9:07 | Fs.Alive · first_building Archery Range |
| 9:42 | DS_Champi WarrioR · age_up feudal |
| 9:49 | DS_Champi WarrioR · wall_segment Palisade Wall x1 |
| 9:53 | DS_Champi WarrioR · wall_segment Palisade Wall x1 |
| 9:55 | DS_Champi WarrioR · wall_segment Palisade Wall x1 |
| 9:59 | DS_Champi WarrioR · wall_segment Palisade Wall x1 |
| 10:34 | DS_Champi WarrioR · first_market_sell 100 stone |
| 11:11 | Fs.Alive · wall_segment Palisade Wall x1 |
| 11:53 | DS_Champi WarrioR · wall_segment Palisade Wall x1 |
| 12:44 | Fs.Alive · wall_segment Palisade Wall x1 |
| 13:02 | Fs.Alive · wall_segment Palisade Wall x1 |
| 13:04 | Fs.Alive · wall_segment Palisade Wall x1 |
| 13:25 | Fs.Alive · wall_segment Palisade Wall x1 |
| 13:37 | DS_Champi WarrioR · age_up castle |
| 13:41 | DS_Champi WarrioR · first_building Siege Workshop |
| 15:03 | Fs.Alive · first_market_buy 100 food |
| 15:05 | Fs.Alive · first_market_sell 100 stone |
| 17:36 | DS_Champi WarrioR · first_building Monastery |
| 18:42 | DS_Champi WarrioR · first_market_buy 100 stone |
| 19:03 | Fs.Alive · age_up castle |
| 19:33 | Fs.Alive · first_building Siege Workshop |
| 22:33 | Fs.Alive · first_building Stable |
| 22:50 | DS_Champi WarrioR · first_building Barracks |
| 24:23 | DS_Champi WarrioR · first_building Stable |
| 32:13 | Fs.Alive · resign |
[ AI ANALYSIS · 1 CREDIT ]
What really happened in this match?
Wolo.gg analyzes every decision: build order, eco, micro, common mistakes by bracket. Personalized analysis on WhatsApp or Discord in 30 seconds.
Civ guide
Persians
Perfil
Jugador #1629889